 Dungeon Crawl Stone Soup version 0.27.1 (webtiles) character file.

Game seed: 9780669244088761140

33057 SkeletonJelly the Bringer of Life (level 13, -2/118 HPs)
             Began as a Purple Draconian Monk on Aug 21, 2021.
             Was the Champion of Elyvilon.
             Splashed by an oklob plant's acid (8 damage)
             ... on level 5 of the Lair of Beasts.
             The game lasted 00:42:44 (21641 turns).

SkeletonJelly the Bringer of Life (DrMo)           Turns: 21641, Time: 00:42:44

Health: -2/118     AC:  4    Str: 23    XL:     13   Next: 34%
Magic:  23/23      EV: 14    Int: 10    God:    Elyvilon [******]
Gold:   1122       SH:  0    Dex: 16    Spells: 12/12 levels left

rFire    + . .     SeeInvis .   r - +10 rapier of Collusion {venom, rPois}
rCold    . . .     Faith    .   (no shield)
rNeg     . . .     Spirit   .   (armour unavailable)
rPois    +         Reflect  .   (helmet restricted)
rElec    .         Harm     .   I - +1 cloak
rCorr    .         Rampage  .   Q - +0 pair of gloves
Will     +....                  u - +0 pair of boots
Stlth    ++++......             (no amulet)
HPRegen  0.29/turn              v - +6 ring of strength
MPRegen  0.18/turn              D - ring of protection from fire

@: corroded, studying Fighting
A: breathe power, AC +8, unfitting armour, cold-blooded
a: Breathe Dispelling Energy, Renounce Religion, Lesser Healing, Heal Other,
Purification, Greater Healing, Divine Vigour, Divine Protection


You were on level 5 of the Lair of Beasts.
You worshipped Elyvilon.
Elyvilon was exalted by your worship.
You visited 2 branches of the dungeon, and saw 15 of its levels.

You collected 1122 gold pieces.

Inventory:

Hand Weapons
 a - a +0 falchion
 r - the +10 rapier of Collusion (weapon) {venom, rPois}
   (You found it on level 4 of the Dungeon)

   It poisons the flesh of those it strikes.
   rPois:     It protects you from poison.
 s - a +0 spectral scimitar
 B - the +8 longbow "Zephyr" {speed, Dex+3 SInv}
   (You found it on level 7 of the Dungeon)

   Attacks with this weapon are significantly faster.
   Dex:       It affects your dexterity (+3).
   SInv:      It lets you see invisible.
Missiles
 b - 12 atropa-tipped darts
 c - 135 poisoned darts
 k - 4 javelins
 A - 3 curare-tipped darts
 C - 128 arrows
Armour
 u - a +0 pair of boots (worn)
 I - a +1 cloak (worn)
 Q - a +0 pair of gloves (worn)
Jewellery
 i - a ring of flight
 v - a +6 ring of strength (left hand)
 w - an amulet of guardian spirit
 D - a ring of protection from fire (right hand)
 L - a ring of see invisible
 S - a ring of protection from fire
Wands
 H - a wand of flame (32)
 J - a wand of iceblast (24)
Scrolls
 d - 6 scrolls of teleportation
 e - 2 scrolls of fog
 f - 2 scrolls of blinking
 g - 14 scrolls of identify
 j - 2 scrolls of fear
 m - a scroll of amnesia
 p - 3 scrolls of noise {unknown}
 q - 2 scrolls of enchant weapon {unknown}
 t - 2 scrolls of brand weapon
 x - a scroll of silence
 y - a scroll of enchant armour
 F - a scroll of torment
 K - 2 scrolls of magic mapping
 N - a scroll of acquirement {unknown}
 O - a scroll of vulnerability {unknown}
 P - a scroll of immolation {unknown}
 R - a scroll of holy word {unknown}
Potions
 h - 3 potions of might {unknown}
 l - a potion of lignification {unknown}
 n - 4 potions of curing {unknown}
 o - 2 potions of heal wounds {unknown}
 z - 4 potions of brilliance {unknown}
 E - 3 potions of haste {unknown}
 G - 2 potions of ambrosia {unknown}
 M - a potion of degeneration {unknown}
 T - a potion of flight {unknown}


   Skills:
 - Level 12.0 Fighting
 - Level 13.6(14.0) Short Blades
 - Level 5.5(10.5) Long Blades
 * Level 5.4 Dodging
 - Level 8.0 Stealth
 + Level 13.9 Invocations


You had 12 spell levels left.
You didn't know any spells.
Your spell library contained the following spells:

 Spells                   Type           Power      Damage    Failure   Level
 Foxfire                  Conj/Fire      0%         2x1d4     36%         1
 Ensorcelled Hibernation  Hex/Ice        0%         N/A       50%         2
 Conjure Flame            Conj/Fire      0%         6-21      75%         3
 Inner Flame              Hex/Fire       0%         N/A       75%         3
 Spider Form              Tmut/Pois      0%         N/A       75%         3
 Summon Guardian Golem    Hex/Summ       0%         N/A       75%         3
 Blade Hands              Tmut           0%         N/A       100%        5
 Iron Shot                Conj/Erth      0%         9d1       100%        6
 Shadow Creatures         Summ           N/A        N/A       100%        6
 Orb of Destruction       Conj           0%         N/A       100%        7
 Spellforged Servitor     Conj/Summ      0%         N/A       100%        7
 Animate Armour           Summ/Erth      Unusable   N/A       N/A         4

Dungeon Overview and Level Annotations

Branches:
Dungeon (10/15)            Temple (0/1) D:4            Lair (5/6) D:8
 Shoals (0/4) Lair:2       Spider (0/4) Lair:3        Slime (0/5) Lair:5
    Orc (0/2) D:10

Altars:
Cheibriados
Dithmenos
Elyvilon
Fedhas
Gozag
Kikubaaqudgha
Makhleb
Qazlal
Sif Muna
Trog
Wu Jian
Xom
Yredelemnul
The Shining One

Shops:
D:2 :   D:9 *

Annotations:
D:2 Sigmund
D:3 exclusion: ice beast
D:4 2 runed translucent doors, sleevener's ghost, weakling GnDe
D:9 3 runed translucent doors, Loskel's ghost, novice GnMo
Lair:2 exclusion: oklob plant
Lair:5 exclusion: 5 oklob plants


Innate Abilities, Weirdness & Mutations

You can breathe bolts of dispelling energy.
Your rich purple scales are hard. (AC +8)
You cannot fit into any form of body armour.
You are cold-blooded and may be slowed by cold attacks.


Message History

Found an escape hatch in the floor.
g - 14 scrolls of identify (gained 1) Key pressed, stopping explore.
You see here 32 stones.
You see here 32 stones.
There is a dry fountain here.
You see here a +0 spear.
You see here a +0 spear.
Found a stone staircase leading up.
Key pressed, stopping explore.
Key pressed, stopping explore.
You see here a +0 morningstar.
There is a stone staircase leading up here.
Partly explored, can't reach some items and places.
Partly explored, can't reach some items and places.
Partly explored, can't reach some items and places.
Partly explored, can't reach some items and places.
Partly explored, can't reach some items and places.
Unknown command.
Really walk into a travel-excluded area?
An oklob plant comes into view.
Marking area around an oklob plant as unsafe for travelling.
An oklob plant comes into view.
Marking area around an oklob plant as unsafe for travelling.
An oklob plant comes into view.
Marking area around an oklob plant as unsafe for travelling.
Aiming: Iceblast
Press: ? - help, Shift-Dir - straight line, f - oklob plant
Aim: an oklob plant
Okay, then.
The oklob plant spits acid at you. The splash of acid hits you!
You are splashed with acid!
Really walk into a travel-excluded area? [Y]es or [N]o only, please.
Really walk into a travel-excluded area?
Okay, then.
You start resting.
HP restored.
Really walk into a travel-excluded area?
The oklob plant spits acid at you.
The splash of acid hits you but does no damage.
The acid corrodes you!
You are splashed with acid!
Aiming: Iceblast
Press: ? - help, Shift-Dir - straight line The mass of ice explodes!
The iceblast engulfs the oklob plant but does no damage.
The iceblast engulfs the oklob plant!
The oklob plant is lightly damaged.
The iceblast engulfs the oklob plant!
The oklob plant is moderately damaged.
The iceblast engulfs the oklob plant!
The oklob plant is moderately damaged.
The iceblast engulfs the oklob plant.
The oklob plant is lightly damaged.
The oklob plant spits acid at you. The splash of acid hits you.
You are splashed with acid!
The oklob plant spits acid at you. The splash of acid hits you.
The acid corrodes you!
You are splashed with acid!
The oklob plant spits acid at you. The splash of acid misses you.
Aiming: Iceblast
Press: ? - help, Shift-Dir - straight line The mass of ice explodes!
The iceblast engulfs the oklob plant!!
The oklob plant is moderately damaged.
The iceblast engulfs the oklob plant!
The oklob plant is moderately damaged.
The iceblast engulfs the oklob plant.
The oklob plant is moderately damaged.
The iceblast engulfs the oklob plant!!
The oklob plant is severely damaged.
The iceblast engulfs the oklob plant.
The oklob plant is lightly damaged.
The oklob plant spits acid at you. The splash of acid hits you.
You are splashed with acid!
The oklob plant spits acid at you. The splash of acid hits you!
The acid corrodes you!
You are splashed with acid!
Aiming: Iceblast
Press: ? - help, Shift-Dir - straight line The mass of ice explodes!
The iceblast engulfs the oklob plant!
The oklob plant is heavily damaged.
The iceblast engulfs the oklob plant.
The oklob plant is moderately damaged.
The iceblast engulfs the oklob plant!
The oklob plant is heavily damaged.
The iceblast engulfs the oklob plant!
The oklob plant is almost destroyed.
The iceblast engulfs the oklob plant!
The oklob plant is moderately damaged.
The oklob plant spits acid at you. The splash of acid misses you.
The oklob plant spits acid at you. The splash of acid hits you!
* * * LOW HITPOINT WARNING * * *
You are splashed with acid!
* * * LOW HITPOINT WARNING * * *
The oklob plant spits acid at you. The splash of acid hits you!
* * * LOW HITPOINT WARNING * * *
You are splashed with acid!
You die...

##.................##.......#####
#..............................##
....#......≈...........P##.....##
.######...≈≈≈....................
.##P###...≈≈≈....................
.....##....≈≈...>.##.............
....##.....≈......###.....##.....
........$..........####..........
.....P..P......P@.## #.#.........
P....##........#...# ##.........P
....####.........### ##........P.
....###....[.....## #.#.........
..##.###..........####.#P........
....## #.............###.........
#..## .....P>P.......#..........
#...##......PPP..........##......
#.#..#...................###.....


You could see 5 oklob plants.

Vanquished Creatures
  2 hydras
  2 catoblepae
  A two-headed ogre (D:8)
  A centaur warrior (D:9)
  An ugly thing (D:10)
  8 elephants
  Maurice (D:10)
  2 black mambas
  A merfolk siren (Lair:2)
  4 cane toads
  2 rime drakes
  4 komodo dragons
  An unseen horror (D:10)
  28 blink frogs
  A merfolk (Lair:2)
  2 hornets
  A shadow (D:9)
  41 yaks
  2 wyverns
  2 basilisks
  A death yak simulacrum (Lair:3)
  A steam dragon (D:8)
  10 water moccasins
  4 orc warriors
  2 sky beasts
  10 ice beasts (D:10)
  2 black bears
  3 necrophages (Lair:5)
  An ogre (D:6)
  2 wolves (Lair:3)
  2 centaurs
  A phantom (D:5)
  4 kobold brigands
  8 bullfrogs
  A scorpion (D:6)
  33 killer bees
  7 electric eels
  3 wights (D:9)
  2 centaur zombies
  4 jellies
  7 orc priests
  A hound (D:6)
  A centaur skeleton (D:7)
  2 gnoll shamans
  A bullfrog skeleton (D:7)
  Jessica (D:2)
  An iguana (D:5)
  12 orc wizards
  4 hell rats (Lair:4)
  A killer bee zombie (D:8)
  A howler monkey zombie (D:9)
  10 gnolls
  6 adders
  An ufetubus (D:6)
  A dart slug (D:1)
  37 orcs
  3 bats
  6 endoplasms
  9 giant cockroaches
  7 goblins
  5 hobgoblins
  4 jackals (D:2)
  27 kobolds
  3 quokkas
  6 ball pythons
  2 frilled lizards
  6 rats
373 creatures vanquished.

Vanquished Creatures (others)
  An elephant (Lair:3)
  4 blink frogs
  A wyvern (Lair:1)
  A wolf (Lair:3)
  A bullfrog (Lair:1)
  An orc (D:10)
  21 fungi
  26 plants
56 creatures vanquished.

Grand Total: 429 creatures vanquished

Notes
Turn   | Place    | Note
-------+----------+-------------------------------------------
     0 | D:1      | SkeletonJelly the Draconian Monk began the quest for the
                  | Orb.
     0 | D:1      | Reached XP level 1. HP: 19/19 MP: 1/1
     6 | D:1      | Noticed an iguana
     6 | D:1      | Noticed a scorpion
     6 | D:1      | Noticed a wolf
     7 | D:1      | Noticed a wyvern
     7 | D:1      | Noticed a black mamba
   232 | D:1      | Reached XP level 2. HP: 22/26 MP: 2/2
   776 | D:1      | Reached XP level 3. HP: 31/31 MP: 3/3
  1046 | D:2      | Found a faded altar of an unknown god.
  1049 | D:2      | Became a worshipper of Elyvilon the Healer
  1049 | D:2      | Reached * piety under Elyvilon
  1049 | D:2      | Reached ** piety under Elyvilon
  1084 | D:2      | Reached *** piety under Elyvilon
  1121 | D:2      | Found Qenoidd's Book Emporium.
  1284 | D:2      | Noticed Sigmund
  1590 | D:2      | Noticed Jessica
  1599 | D:2      | Killed Jessica
  1932 | D:2      | Reached XP level 4. HP: 18/38 MP: 4/4
  2172 | D:3      | Reached skill level 5 in Long Blades
  2941 | D:3      | Reached **** piety under Elyvilon
  3188 | D:3      | Reached skill level 1 in Invocations
  3220 | D:3      | Noticed an ice beast
  3303 | D:3      | Found an ancient bone altar of Kikubaaqudgha.
  3398 | D:4      | Reached XP level 5. HP: 20/45 MP: 4/6
  3589 | D:4      | Identified the +10 rapier of Collusion {venom, rPois}
  3624 | D:4      | Found a staircase to the Ecumenical Temple.
  3702 | D:4      | Found a shimmering blue altar of Sif Muna.
  3737 | D:4      | Noticed a sky beast
  3751 | D:4      | Killed a sky beast
  3838 | D:4      | Reached XP level 6. HP: 42/51 MP: 7/7
  4044 | D:4      | Noticed an orc warrior
  4058 | D:4      | Killed an orc warrior
  4341 | D:4      | Found a runed translucent door.
  4350 | D:4      | Noticed sleevener's ghost (weakling GnDe)
  4404 | D:4      | Found a runed translucent door.
  4429 | D:4      | Found a snail-covered altar of Cheibriados.
  4514 | D:4      | Found a bloodstained altar of Trog.
  4600 | D:5      | Entered Level 5 of the Dungeon
  4767 | D:5      | Noticed a water moccasin
  4771 | D:5      | Killed a water moccasin
  4772 | D:5      | Your scales start taking on a rich purple colour.
  4772 | D:5      | Reached XP level 7. HP: 48/58 MP: 9/9
  5262 | D:5      | Reached ***** piety under Elyvilon
  5269 | D:5      | Found a burning altar of Makhleb.
  5401 | D:5      | Found an ornate altar of the Wu Jian Council.
  5657 | D:5      | Reached skill level 5 in Fighting
  5743 | D:6      | Reached skill level 5 in Short Blades
  5867 | D:6      | Reached XP level 8. HP: 64/70 MP: 11/11
  6355 | D:7      | Found the +8 longbow "Zephyr" {speed, Dex+3 SInv}
  6830 | D:7      | Reached skill level 5 in Invocations
  7033 | D:7      | Found a basalt altar of Yredelemnul.
  7406 | D:8      | Noticed a hornet
  7409 | D:8      | Killed a hornet
  7908 | D:8      | Noticed a two-headed ogre
  7916 | D:8      | Killed a two-headed ogre
  7917 | D:8      | Reached XP level 9. HP: 46/83 MP: 12/14
  8205 | D:8      | Found a staircase to the Lair.
  8713 | D:9      | Found a blossoming altar of Fedhas.
  8720 | D:9      | Found a white marble altar of Elyvilon.
  8725 | D:9      | Found a shimmering altar of Xom.
  8920 | D:9      | Reached ****** piety under Elyvilon
  8934 | D:9      | Reached skill level 10 in Fighting
  9145 | D:9      | Reached XP level 10. HP: 88/93 MP: 15/15
  9197 | D:9      | Identified the +5 hunting sling "Xulit" {venom, rPois rF+
                  | Int-3}
  9235 | D:9      | Found a runed translucent gate.
  9235 | D:9      | Found a runed translucent gate.
  9237 | D:9      | Found an opulent altar of Gozag.
  9237 | D:9      | Found a runed translucent gate.
  9239 | D:9      | Found Ziyll's Assorted Antiques.
  9240 | D:9      | Noticed Loskel's ghost (novice GnMo)
  9240 | D:9      | Noticed a fire dragon
  9418 | D:9      | Noticed a centaur warrior
  9423 | D:9      | Killed a centaur warrior
  9424 | D:9      | Reached skill level 10 in Short Blades
  9541 | D:9      | Found a shadowy altar of Dithmenos.
  9823 | D:9      | Found a stormy altar of Qazlal.
 10066 | D:10     | Entered Level 10 of the Dungeon
 10088 | D:10     | Noticed Maurice
 10115 | D:10     | Killed Maurice
 10854 | D:10     | Found a staircase to the Orcish Mines.
 11028 | D:10     | Found a glowing golden altar of the Shining One.
 11199 | D:10     | Noticed a boulder beetle
 11208 | D:10     | Pacified a boulder beetle
 11209 | D:10     | Reached XP level 11. HP: 31/104 MP: 4/17
 11754 | D:10     | Noticed a green ugly thing
 11765 | D:10     | Killed a green ugly thing
 12154 | Lair:1   | Entered Level 1 of the Lair of Beasts
 12183 | Lair:1   | You fall into a shaft and drop 1 floor!
 12183 | Lair:2   | Noticed an oklob plant
 12382 | Lair:2   | Reached skill level 10 in Invocations
 13163 | Lair:2   | Noticed a catoblepas
 13178 | Lair:2   | Killed a catoblepas
 14083 | Lair:2   | Found a staircase to the Shoals.
 14314 | Lair:3   | Reached XP level 12. HP: 82/112 MP: 20/20
 14643 | Lair:3   | Found a hole to the Spider Nest.
 14959 | Lair:3   | Found a frozen archway.
 15538 | Lair:3   | Noticed a catoblepas
 15542 | Lair:3   | Killed a catoblepas
 15677 | Lair:1   | Reached skill level 5 in Stealth
 16089 | Lair:1   | Noticed a seven-headed hydra
 16099 | Lair:1   | Pacified a seven-headed hydra
 16290 | Lair:1   | Noticed a four-headed hydra
 16292 | Lair:1   | Killed a four-headed hydra
 18435 | Lair:4   | Reached XP level 13. HP: 91/118 MP: 23/23
 20434 | Lair:5   | Reached skill level 5 in Dodging
 20870 | Lair:5   | Found a staircase to the Slime Pits.
 21641 | Lair:5   | Splashed by an oklob plant's acid

Illustrated notes

Levels and vault maps discovered:
D:1:      onia_arrival_zoo_common, layout_loops_ring
D:2:      layout_basic, serial_shops, shop, chequers_ecumenical_altar_grove,
          roderic_lattice_a, uniq_sigmund, uniq_jessica
D:3:      minmay_diamond_boxcup, layout_basic, lemuel_doored_altar,
          minmay_misc_feat_diagonals, guppyfry_early_lair_pool
D:4:      layout_rooms, mainiacjoe_overflow_small_starburst,
          lemuel_crystal_altar, kennysheep_mini, temple_statues,
          ebering_ghost_sewer_f, minmay_manual_mess
D:5:      layout_basic, pdpol_wu_jian_five_deadly_venoms, amcnicky_altar_gilded
D:6:      layout_rooms
D:7:      layout_cave_pools, yredelemnul_altar_generic
D:8:      layout_loops_corners, lair_entry_dummy
D:9:      kennysheep_spiral_hall, layout_irregular_city,
          grunt_dithmenos_shadows, mainiacjoe_overflow_concentric_impassable,
          minmay_overflow_temple_star_quad, ebering_ghost_gozag,
          serial_co_window_serial, co_window_of_opportunity_a,
          co_window_of_opportunity_a, co_window_cross_1, co_window_paths_a,
          co_window_cross_1, co_window_cross_2, co_window_broadway_a,
          co_window_broadway_a, glass_columns_a, glass_columns_a,
          glass_columns_a, moated_statue, grunt_ministairs_7
D:10:     minmay_twisted_water, layout_cave_pools, mainiacjoe_overflow_24_doors,
          orc_0_dummy, minivault_20, lemuel_flamethrower_2, uniq_maurice
Lair:1:   layout_loops_ring, serial_bayou_shore_a
Lair:2:   layout_roguey, elwin_shoals_entry_rooms, beast_lair_carwin_2,
          minmay_lair_oklob_chamber, lemuel_fruit_tree
Lair:3:   layout_chaotic_city, spider_nest_entry_web_field,
          portal_ice_cave_entry_ice_simulacra, wad_woods_road_05
Lair:4:   wad_woods_minihive, layout_layer_cave, serial_bayou_crossing,
          serial_bayou_shore_b, infiniplex_staircase_pool_2
Lair:5:   layout_layer_cave, minmay_slime_entry_oklob_open,
          roderic_carrion_pond, grunt_megastairs_1, lemuel_fruit_fields

Skill      XL: |  1  2  3  4  5  6  7  8  9 10 11 12 13 |
---------------+----------------------------------------+-----
Long Blades    | 4 5 |  5.5
Invocations    | 1 2 3 4 6 7 9 11 13 | 13.9
Short Blades   | 2 4 5 8 9 11 13 | 13.6
Fighting       | 5 9 10 12 | 12.0
Stealth        | 2 7 8 |  8.0
Dodging        | 5 |  5.4

Action                   |  1- 3 |  4- 6 |  7- 9 | 10-12 | 13-15 || total
-------------------------+-------+-------+-------+-------+-------++-------
Melee: Falchion          |   108 |   110 |       |       |       ||   218
       Tailslap          |    12 |    12 |    28 |   134 |    32 ||   218
       Rapier            |       |    40 |   199 |   635 |   167 ||  1041
Throw: Dart              |       |     2 |     8 |     2 |       ||    12
       Javelin           |       |     2 |       |       |       ||     2
Invok: Lesser Healing    |       |     2 |       |       |       ||     2
       Greater Healing   |       |     1 |       |     3 |       ||     4
       Heal Other        |       |       |       |     9 |     1 ||    10
       Divine Protection |       |       |       |     1 |       ||     1
 Abil: Breathe Dispellin |       |       |     1 |     4 |       ||     5
Evoke: Wand              |       |       |       |     2 |     3 ||     5
  Use: Scroll            |       |       |       |    10 |       ||    10
 Stab: Sleeping          |     5 |     4 |     3 |    10 |     4 ||    26
Armor: Skin              |    31 |    46 |    60 |   124 |    31 ||   292
Dodge: Dodged            |    67 |    84 |   102 |   274 |    69 ||   596
       Rpst.: Falchion   |    23 |    16 |       |       |       ||    39
